 Dungeon Crawl Stone Soup version 0.30-a0-652-gcc886f7154 (webtiles) character file.

Game seed: 11311163132425636639

1834569 themarg the Cardsharp (level 27, 222/222 HPs)
             Began as a Gnoll Transmuter on Jan 16, 2023.
             Was a High Priest of Nemelex Xobeh.
             Escaped with the Orb
             ... and 4 runes on Jan 18, 2023!
             The game lasted 09:30:05 (105584 turns).

themarg the Cardsharp (Gnoll Transmuter)          Turns: 105584, Time: 09:30:05

Health: 222/222    AC: 24    Str: 12    XL:     27
Magic:  13/45      EV: 23    Int: 31    God:    Nemelex Xobeh [*****.]
Gold:   839        SH: 17    Dex: 17    Spells: 8/72 levels left

rFire   + + .      SeeInvis +    a - +9 demon blade (freeze)
rCold   + + .      Faith    .    G - +2 shield of Resistance {rF++ rC++ Will++}
rNeg    . . .      Spirit   .    W - +4 troll leather armour
rPois   +          Reflect  .    v - +0 helmet "Dihal" {Will+ Int+2 SInv}
rElec   +          Harm     .    g - +1 cloak {rPois}
rCorr   .          Rampage  .    Q - +2 pair of gloves
Will    +++++      Rnd*Tele +    Z - +2 pair of boots {Fly}
Stlth   +++                      D - amulet of regeneration
HPRegen 2.17/turn                V - ring of Guutz {rElec SInv}
MPRegen 0.29/turn                O - ring of Witushrainu {rPois Str+3 Int+4 Slay+2}

@: flying, studying 2 skills
A: fangs 1, strong nose, distributed training, clever 1, low MP 1, strong-willed
1, mutation resistance 1, screaming 1, shaggy fur 1, teleportitis 1
0: Orb of Zot
}: 4/15 runes: decaying, serpentine, slimy, silver
a: Renounce Religion, Draw Escape, Draw Destruction, Draw Summoning, Triple
Draw, Deal Four, Stack Five


You escaped.
You worshipped Nemelex Xobeh.
Nemelex Xobeh was extremely pleased with you.
You visited 11 branches of the dungeon, and saw 55 of its levels.
You visited 1 bazaar.

You collected 7288 gold pieces.
You spent 6449 gold pieces at shops.

Inventory:

Hand Weapons
 a - a +9 demon blade of freezing (weapon)
 b - the +2 broad axe of Dissent {flame, Fly rN+ Int+3}
   (You found it on level 5 of the Vaults)

   Int:       It affects your intelligence (+3).
   rN:        It protects you from negative energy.
   Fly:       It grants you flight.
Missiles
 y - 3 throwing nets
Armour
 g - a +1 cloak of poison resistance (worn)
 v - the +0 helmet "Dihal" (worn) {Will+ Int+2 SInv}
   (You bought it in a shop on level 2 of the Orcish Mines)

   Int:       It affects your intelligence (+2).
   SInv:      It lets you see invisible.
   Will:      It increases your willpower.
 G - the +2 shield of Resistance (worn) {rF++ rC++ Will++}
   (You found it on level 3 of the Depths)

   rF:        It greatly protects you from fire.
   rC:        It greatly protects you from cold.
   Will:      It greatly increases your willpower.
 Q - a +2 pair of gloves (worn)
 W - a +4 troll leather armour (worn)
 Z - a +2 pair of boots of flying (worn)
Jewellery
 k - the ring "Megunoun" {Drain rPois rCorr Str+4}
   (You took it off an ogre mage on level 5 of the Vaults)

   [ring of resist corrosion]

   Str:       It affects your strength (+4).
   rPois:     It protects you from poison.
   rCorr:     It protects you from acid and corrosion.
   Drain:     It drains your maximum health when unequipped.
 D - an amulet of regeneration (around neck)
 K - the ring of Wiojuz {Will+ EV+5 Str+3}
   (You took it off a vault guard on level 5 of the Vaults)

   [ring of evasion]

   EV:        It affects your evasion (+5).
   Str:       It affects your strength (+3).
   Will:      It increases your willpower.
 O - the ring of Witushrainu (right hand) {rPois Str+3 Int+4 Slay+2}
   (You bought it in a shop on level 2 of the Orcish Mines)

   [ring of poison resistance]

   Str:       It affects your strength (+3).
   Int:       It affects your intelligence (+4).
   Slay:      It affects your accuracy & damage with ranged weapons and melee
   (+2).
   rPois:     It protects you from poison.
 V - the ring of Guutz (left hand) {rElec SInv}
   (You bought it in a shop on level 4 of the Depths)

   [ring of see invisible]

   rElec:     It insulates you from electricity.
   SInv:      It lets you see invisible.
Wands
 c - a wand of charming (34)
 j - a wand of iceblast (11)
 C - a wand of digging (10)
 I - a wand of polymorph (19)
 J - a wand of mindburst (19) (quivered)
 Y - a wand of light (7)
Scrolls
 d - 26 scrolls of teleportation
 m - 6 scrolls of fear
 o - 5 scrolls of amnesia
 q - 17 scrolls of poison
 s - 12 scrolls of immolation
 u - 13 scrolls of vulnerability
 x - 15 scrolls of fog
 B - 2 scrolls of magic mapping
 F - 2 scrolls of torment
 M - 10 scrolls of blinking
 R - 4 scrolls of silence
 U - 3 scrolls of summoning
Potions
 e - a potion of resistance
 f - 5 potions of heal wounds
 h - 17 potions of attraction
 l - 5 potions of mutation
 n - 22 potions of curing
 p - 16 potions of brilliance
 r - 12 potions of flight
 w - 6 potions of invisibility
 z - 16 potions of might
 H - 3 potions of cancellation
 S - 5 potions of ambrosia
 T - 5 potions of lignification
Miscellaneous
 i - a tin of tremorstones (2/2)
 A - a phantom mirror
 E - a phial of floods
 N - a condenser vane
 P - a lightning rod (4/4)
 X - a box of beasts


   Skills:
 + Level 19.5 Fighting
 + Level 19.3 Short Blades
 + Level 19.3 Long Blades
 + Level 19.3 Axes
 + Level 19.3 Maces & Flails
 + Level 19.3 Polearms
 + Level 19.3 Staves
 + Level 19.3 Ranged Weapons
 + Level 19.3 Throwing
 + Level 19.3 Armour
 + Level 19.8 Dodging
 + Level 19.3 Stealth
 + Level 19.3 Shields
 + Level 20.2 Unarmed Combat
 + Level 23.3 Spellcasting
 + Level 16.5 Conjurations
 + Level 16.5 Hexes
 + Level 16.5 Summonings
 + Level 16.5 Necromancy
 + Level 16.5 Translocations
 + Level 16.9 Transmutations
 + Level 16.5 Fire Magic
 + Level 16.5 Ice Magic
 + Level 16.5 Air Magic
 + Level 16.5 Earth Magic
 + Level 16.5 Poison Magic
 + Level 25.8 Invocations
 + Level 19.3 Evocations


You had 8 spell levels left.
You knew the following spells:

 Your Spells              Type           Power      Damage    Failure   Level
a - Apportation           Tloc           100%       N/A       0%          1
b - Malign Gateway        Summ/Tloc      47%        N/A       1%          7
c - Lehudib's Crystal Sp  Conj/Erth      47%        10d11     11%         8
d - Iron Shot             Conj/Erth      47%        9d9       1%          6
e - Arcjolt               Conj/Air       47%        1d57      1%          5
f - Fireball              Conj/Fire      47%        3d19      1%          5
g - Borgnjor's Vile Clut  Necr/Erth      47%        N/A       1%          5
h - Irradiate             Conj/Tmut      48%        3d27      1%          5
i - Dispel Undead         Necr           95%        3d30      0%          4
j - Ozocubu's Refrigerat  Ice            47%        4d18      1%          7
k - Spellforged Servitor  Conj/Summ      47%        N/A       1%          7
B - Blink                 Tloc           100%       N/A       0%          2
S - Sublimation of Blood  Necr           95%        N/A       0%          2

Your spell library contained the following spells:

 Spells                   Type           Power      Damage    Failure   Level
 Beastly Appendage        Tmut           100%       N/A       0%          1
 Foxfire                  Conj/Fire      100%       2x1d9     0%          1
 Freeze                   Ice            100%       1d10      0%          1
 Kiss of Death            Conj/Necr      100%       2d13      0%          1
 Magic Dart               Conj           100%       1d8       0%          1
 Necrotise                Necr           100%       1d9       0%          1
 Sandblast                Erth           100%       2d20      0%          1
 Shock                    Conj/Air       100%       1d9       0%          1
 Slow                     Hex            100%       N/A       0%          1
 Sting                    Tmut/Pois      100%       1d8       0%          1
 Summon Small Mammal      Summ           100%       N/A       0%          1
 Ensorcelled Hibernation  Hex/Ice        100%       N/A       0%          2
 Lesser Beckoning         Tloc           100%       N/A       0%          2
 Momentum Strike          Conj/Tloc      100%       3d10      0%          2
 Passwall                 Tmut/Erth      80%        N/A       0%          2
 Poisonous Vapours        Pois/Air       100%       N/A       0%          2
 Scorch                   Fire           100%       2d10      0%          2
 Searing Ray              Conj           100%       2d8       0%          2
 Static Discharge         Conj/Air       100%       2-7/arc   0%          2
 Wereblood                Tmut           96%        N/A       0%          2
 Call Canine Familiar     Summ           95%        N/A       0%          3
 Confusing Touch          Hex            95%        N/A       0%          3
 Frozen Ramparts          Ice            100%       1d16      0%          3
 Gell's Gravitas          Tloc           95%        N/A       0%          3
 Hailstorm                Conj/Ice       95%        3d19      0%          3
 Ignite Poison            Fire/Tmut/Pois 96%        N/A       0%          3
 Kindle Blastsparks       Fire/Tloc/Air  100%       2d18      0%          3
 Mephitic Cloud           Conj/Pois/Air  95%        N/A       0%          3
 Ozocubu's Armour         Ice            95%        N/A       0%          3
 Portal Projectile        Hex/Tloc       100%       N/A       0%          3
 Spider Form              Tmut/Pois      96%        N/A       0%          3
 Summon Guardian Golem    Hex/Summ       95%        N/A       0%          3
 Swiftness                Air            95%        N/A       0%          3
 Teleport Other           Tloc           95%        N/A       0%          3
 Tukima's Dance           Hex            95%        N/A       0%          3
 Vampiric Draining        Necr           95%        2d12      0%          3
 Vhi's Electric Charge    Tloc/Air       100%       N/A       0%          3
 Airstrike                Air            47%        2d(7-23)  0%          4
 Anguish                  Hex/Necr       47%        N/A       0%          4
 Animate Armour           Summ/Erth      100%       N/A       0%          4
 Animate Dead             Necr           95%        N/A       0%          4
 Flame Wave               Conj/Fire      95%        2d20      0%          4
 Fulminant Prism          Conj/Hex       47%        3d21      0%          4
 Ice Form                 Ice/Tmut       96%        N/A       0%          4
 Iskenderun's Mystic Bla  Conj/Tloc      95%        2d18      0%          4
 Leda's Liquefaction      Hex/Erth       47%        N/A       0%          4
 Manifold Assault         Tloc           95%        N/A       0%          4
 Olgreb's Toxic Radiance  Pois           95%        N/A       0%          4
 Passage of Golubria      Tloc           95%        N/A       0%          4
 Petrify                  Tmut/Erth      96%        N/A       0%          4
 Summon Ice Beast         Ice/Summ       95%        N/A       0%          4
 Summon Lightning Spire   Summ/Air       95%        N/A       0%          4
 Alistair's Intoxication  Tmut/Pois      64%        N/A       1%          5
 Blade Hands              Tmut           48%        N/A       1%          5
 Freezing Cloud           Conj/Ice/Air   47%        6-21      1%          5
 Iskenderun's Battlesphe  Conj           95%        2d14      1%          5
 Lee's Rapid Deconstruct  Erth           47%        3d23*     1%          5
 Lightning Bolt           Conj/Air       47%        1d68      1%          5
 Silence                  Hex/Air        47%        N/A       1%          5
 Summon Forest            Summ/Tloc      47%        N/A       1%          5
 Summon Mana Viper        Hex/Summ       95%        N/A       1%          5
 Yara's Violent Unravell  Hex/Tmut       48%        3d19      1%          5
 Dispersal                Tloc           47%        N/A       1%          6
 Eringya's Noxious Bog    Tmut/Pois      48%        N/A       1%          6
 Simulacrum               Ice/Necr       47%        N/A       1%          6
 Starburst                Conj/Fire      47%        6d13      1%          6
 Statue Form              Tmut/Erth      64%        N/A       1%          6
 Summon Cactus Giant      Summ           47%        N/A       1%          6
 Dragon Form              Tmut           48%        N/A       1%          7
 Enfeeble                 Hex            47%        N/A       1%          7
 Haunt                    Necr/Summ      47%        N/A       1%          7
 Monstrous Menagerie      Summ           47%        N/A       1%          7
 Orb of Destruction       Conj           47%        9d12      1%          7
 Storm Form               Tmut/Air       48%        N/A       1%          7
 Summon Hydra             Summ           47%        N/A       1%          7
 Necromutation            Tmut/Necr      48%        N/A       10%         8
 Borgnjor's Revivificati  Necr           47%        N/A       11%         8
 Disjunction              Tloc           47%        N/A       11%         8
 Ignition                 Fire           47%        3d13      11%         8
 Infestation              Necr           47%        N/A       11%         8
 Maxwell's Capacitive Co  Air            47%        ∞         11%         8
 Summon Horrible Things   Summ           47%        N/A       11%         8
 Death's Door             Necr           47%        N/A       85%         9
 Shatter                  Erth           47%        3d36*     85%         9


Dungeon Overview and Level Annotations

Branches:
Dungeon (15/15)            Temple (0/1) D:6            Lair (5/5) D:11
  Swamp (4/4) Lair:3        Snake (4/4) Lair:3        Slime (5/5) Lair:4
    Orc (2/2) D:10            Elf (3/3) Orc:2        Vaults (5/5) D:13
  Crypt (3/3) Vaults:3       Tomb (0/3) Crypt:3      Depths (4/4) D:15
    Zot (5/5) Depths:4

Altars:
Ashenzari
Dithmenos
Elyvilon
Gozag
Kikubaaqudgha
Makhleb
Nemelex Xobeh
Okawaru
Qazlal
Ru
Sif Muna
Wu Jian
Xom
Zin
The Shining One
Jiyva

Shops:
D:1 [   D:4 *?   D:11 [[   Orc:1 [   Orc:2 ***(=[=   Elf:1 *   Elf:2 (
Elf:3 *[[   Snake:1 :   Snake:2 (   Snake:3 :   Vaults:1 (   Vaults:2 =?
Vaults:5 ??[??!!   Depths:4 =:=

Portals:
Hell: Depths:1 Depths:2 Depths:3 Depths:4
Abyss: D:11 Depths:2 Depths:3
Pandemonium: Depths:2 Depths:4
Ziggurat: Depths:2

Annotations:
D:11 2 transporters, Cancer's ghost, journeyman BaIE
Elf:2 3 runed translucent doors, exclusion: 3 doors
Crypt:3 1 runed translucent door, Hyrrirob's ghost, veteran GrEE
Zot:2 3 runed translucent doors, Xitz's ghost, veteran DsCj
Zot:3 3 runed translucent doors, Gehih's ghost, veteran MiBe
Abyss:1 jejorda2's ghost, adept MfBe


Innate Abilities, Weirdness & Mutations

You have very sharp teeth.
Your uncanny sense of smell can sniff out nearby items.
Your experience applies equally to all skills.
Your mind is acute. (Int +4, Str/Dex -1)
Your magical capacity is low. (-10% MP)
You are strong-willed. (Will+)
You are somewhat resistant to further mutation.
You occasionally shout uncontrollably at your foes.
You are covered in fur. (AC +1)
You are occasionally teleported next to monsters.


Message History

The hell hound misses you.
Electricity surges outward!
You kill the hell hound! x3
An Orb Guardian comes into view.
You block the Orb Guardian's attack.
You erupt in a fountain of uncontrolled magic!
The Orb Guardian is blasted with magical radiation!!!
The Orb Guardian is severely wounded.
The Orb Guardian twists and deforms.
You are very lightly contaminated with residual magic.
The Orb Guardian barely misses you. You block the Orb Guardian's attack.
You erupt in a fountain of uncontrolled magic!
The Orb Guardian is blasted with magical radiation!!!
You kill the Orb Guardian!
There is a stone staircase leading up here.
You fly upwards.
There is a stone staircase leading down here.
Aiming: Dig
Press: ? - help, Shift-Dir - straight line A rock wall.
This square is covered in magical glow.
The rock shatters into small pieces.
There's nothing to close nearby.
Aiming: Dig
Press: ? - help, Shift-Dir - straight line A rock wall.
This square is covered in magical glow.
The rock shatters into small pieces.
Aiming: Dig
Press: ? - help, Shift-Dir - straight line A rock wall.
This square is covered in magical glow.
The rock shatters into small pieces.
Your magical contamination has completely faded away.
There is an open door here.
There is a staircase leading out of the dungeon here.
Okay, then.
You summon a servant imbued with your destructive magic!
You need more open space to create a gateway.
You have escaped!

#.#.##.#######.#..###.# #......
#.#.##.# #...#.##.# #.####.
#.#.##.# ####...#.#.# #.# #.
....##.#####.##+#'##..#####.####.
#............#.....#............>
######.#####.#.....#..#####.####.
##......# #.#..8..#..# #.# ##
##.###..# #.#...9.#..# #.# # .#.#
#..# #.#..@..#..# #.# # .#.#
#..####.#######..# #.# # .#.#
#.......# #.# ##.# #.##### .#.#
##.####.# #.# #.# #...... .#.#
#).....# #.####.###########
...####......###.................
......................###.######.
....###......###.###### #.# #.
###.# #......# #.# #.# #.


You could see a friendly spellforged servitor (summoned).

Vanquished Creatures
  the Royal Jelly (Slime:5)
  An orb of fire (Zot:2)
  2 ancient liches
  A juggernaut (Depths:2)
  Sojobo (Vaults:5)
  Bai Suzhen (Swamp:4)
  2 Killer Klowns
  The ghost of howech the Severer, a veteran MiGl of the Shining One (Vaults:4)
  3 curse toes
  4 golden dragons
  Jory (Vaults:4)
  2 bone dragons
  2 electric golems
  14 tentacled monstrosities
  A walking earthen tome (Depths:3)
  17 Orb Guardians
  A deep elf blademaster (Elf:2)
  2 walking crystal tomes
  Mlioglotl (Swamp:1)
  An Ice Fiend (Zot:5)
  3 liches
  3 titans
  A walking divine tome (Depths:3)
  7 quicksilver dragons
  2 deep elf master archers
  12 acid blobs
  10 death cobs
  4 ancient champions
  The ghost of Josuitwi the Warrior, an adept MfGl of Yredelemnul (Snake:1)
  The ghost of Josuitwi the Warrior, an adept MfGl of Yredelemnul (Snake:1)
  Frances (Swamp:1)
  4 sphinxes
  2 draconian monks
  Agnes (D:14)
  Kirke (Swamp:4)
  6 storm dragons
  6 shadow dragons
  11 azure jellies
  2 fenstrider witches
  10 rockslimes
  9 tengu reavers
  Roxanne (D:15)
  5 fire giants
  6 draconian knights
  4 iron dragons
  10 draconian scorchers
  Aizul (Snake:1)
  4 nagarajas (Snake:4)
  2 balrugs (Depths:3)
  16 frost giants
  An emperor scorpion (Zot:2)
  7 vault wardens
  3 deep elf sorcerers (Elf:3)
  4 draconian shifters
  Louise (Snake:2)
  15 ghouls
  8 draconian stormcallers
  4 deep elf elementalists (Elf:3)
  5 ghost moths
  2 curse skulls
  4 draconian annihilators (Zot:2)
  A cacodemon (Zot:5)
  2 reapers (Zot:5)
  6 stone giants
  2 orc warlords
  9 ironbound thunderhulks
  9 quicksilver oozes
  18 ironbound preservers
  A war gargoyle (Vaults:3)
  12 very ugly things
  6 deep elf annihilators (Elf:3)
  10 vampire knights
  7 deep elf demonologists
  3 lorocyprocas
  13 black draconians
  A minotaur (Zot:2)
  3 bunyips
  4 eleionomae
  5 yellow draconians
  10 green draconians
  11 spark wasps
  5 white draconians
  9 purple draconians
  6 red draconians
  2 blizzard demons
  5 eidola
  9 ettins
  8 dire elephants
  2 crystal guardians (Vaults:2)
  10 deep elf death magi
  An elf zombie (Crypt:1)
  3 fire dragons
  6 jiangshi
  9 deep elf high priests
  11 yaktaur captains
  2 rakshasas
  6 great orbs of eyes
  6 entropy weavers
  3 salamander tyrants (Snake:4)
  9 hydras
  5 ice dragons
  A catoblepas (Depths:4)
  2 ogre magi
  6 ghost crabs
  An Orb Guardian zombie (Crypt:2)
  2 peacekeepers
  8 vault guards
  5 spriggan air magi
  11 ironbound frosthearts
  11 centaur warriors
  17 anacondas
  10 two-headed ogres
  2 death knights
  9 naga warriors
  4 alligators
  20 dancing weapons
  9 vampire magi
  2 hell hogs (Zot:4)
  5 deep troll earth magi
  2 deep troll shamans (Depths:2)
  6 orc high priests
  5 spriggan berserkers
  6 tengu warriors
  Sonja (D:10)
  3 shock serpents
  18 hell knights (Depths:2)
  10 naga sharpshooters
  3 salamander mystics
  5 deep elf knights
  3 shadow wraiths
  2 fire crabs (Lair:4)
  10 skeletal warriors
  A sixfirhy (Zot:5)
  6 goliath frogs
  3 sea snakes
  2 death drakes
  3 iron trolls
  12 bog bodies
  A storm dragon skeleton (Crypt:3)
  54 deep trolls
  3 glowing orange brains
  4 swamp dragons
  3 flayed ghosts
  2 naga ritualists (Snake:3)
  A shadow demon (Zot:4)
  An obsidian statue (Snake:3)
  Pikel (D:8)
  5 harpies (Vaults:4)
  2 spriggan druids
  17 phantasmal warriors
  A spectral hydra (Swamp:4)
  5 wizards
  10 lindwurms
  4 necromancers
  10 ironbound convokers
  A lindwurm (shapeshifter) (Depths:2)
  13 deep elf archers
  16 deep elf pyromancers
  23 deep elf zephyrmancers
  A sphinx skeleton (Crypt:1)
  An orange crystal statue (Elf:3)
  7 orc knights
  2 cyclopes
  32 ugly things
  A wolf spider (shapeshifter) (Depths:4)
  A faun (shapeshifter) (Elf:1)
  An orc sorcerer (Orc:1)
  3 wolf spiders
  5 will-o-the-wisps
  5 mana vipers
  A shadow dragon skeleton (Crypt:2)
  A jorogumo skeleton (Crypt:1)
  17 moths of wrath
  7 manticores
  7 shining eyes
  A nameless horror (Slime:1)
  A shining eye (shapeshifter) (Vaults:5)
  An apocalypse crab (Lair:4)
  37 black mambas
  4 elephants
  A shock serpent zombie (Crypt:3)
  9 salamanders
  A rust devil (Depths:4)
  10 naga magi
  A guardian serpent (Lair:5)
  Joseph (D:7)
  6 eyes of devastation
  A smoke demon (Depths:2)
  12 vault sentinels
  Maurice (D:12)
  A molten gargoyle (Depths:1)
  A gargoyle (D:12)
  An unseen horror (shapeshifter) (D:14)
  14 cane toads
  2 unseen horrors
  An orange demon (Zot:5)
  31 yaktaurs
  9 komodo dragons
  3 rime drakes
  5 freezing wraiths
  8 swamp worm zombies
  2 kobold demonologists (D:13)
  2 tengu conjurers (D:14)
  A red devil (Depths:4)
  A green draconian skeleton (Crypt:2)
  4 hydra zombies (Swamp:4)
  5 guardian mummies (Crypt:3)
  A harpy zombie (Crypt:3)
  2 bloated husks (Swamp:4)
  An iron troll skeleton (Crypt:3)
  3 meliai (D:14)
  A queen bee (Vaults:4)
  9 hornets
  3 hellwings (Depths:4)
  A merfolk (shapeshifter) (Depths:1)
  5 trolls
  2 hydra skeletons
  2 alligator zombies (Swamp:4)
  9 polar bears
  A wind drake (Snake:3)
  Grinder (D:3)
  5 spectral swamp dragons (Swamp:4)
  4 blink frogs
  A harpy skeleton (Crypt:1)
  A snapping turtle (Depths:2)
  15 tyrant leeches
  A dream sheep (Lair:4)
  A tarantella (Vaults:4)
  5 raiju (Lair:5)
  A radroach zombie (Crypt:2)
  An ice dragon skeleton (Crypt:2)
  110 slime creatures
  2 flying skulls (Crypt:3)
  A culicivora (Zot:1)
  A guardian serpent skeleton (Crypt:3)
  A jumping spider (Vaults:3)
  12 spriggans
  An air elemental (Elf:2)
  14 wyverns
  14 wraiths
  31 yaks
  A centaur simulacrum (D:14)
  A shadow (D:10)
  A vampire (D:12)
  2 water elementals (Elf:1)
  24 golden eyes
  2 wind drake zombies (Crypt:1)
  A black mamba skeleton (Crypt:1)
  2 fire elementals
  2 hogs (Swamp:4)
  4 fire bats
  4 steam dragons
  A chaos spawn (Depths:4)
  6 basilisks
  The ghost of ooooo the Stinger, an amateur DsVM (D:7)
  A neqoxec (Depths:4)
  Menkaure (D:7)
  4 redbacks
  8 vampire mosquitoes
  6 wargs
  10 swamp worms
  35 nagas
  An acid dragon (Zot:3)
  23 water moccasins
  A deep troll zombie (Crypt:1)
  17 hell hounds
  3 floating eyes
  A demonspawn skeleton (Crypt:2)
  12 black bears
  4 ice beasts
  A sky beast (D:6)
  13 orc warriors
  6 ogres
  21 wolves
  3 swamp dragon zombies (Swamp:4)
  2 tengu
  10 centaurs
  A lemure (D:8)
  4 phantoms (Swamp:4)
  A fire crab zombie (Crypt:1)
  6 kobold brigands
  6 bullfrogs
  12 necrophages
  A wyvern zombie (Crypt:1)
  3 scorpions
  3 gnoll sergeants
  4 earth elementals
  A yaktaur skeleton (Crypt:2)
  A draconian skeleton (Crypt:1)
  13 wights
  7 killer bees
  3 electric eels (D:11)
  6 howler monkeys
  2 centaur skeletons
  5 hounds
  14 jellies
  28 orc priests
  3 gnoll boudas
  Terence (D:2)
  Natasha (thrice) (D:2)
  5 iguanas
  21 orc wizards
  2 spectral swamp drakes (Swamp:4)
  7 mummies (Crypt:3)
  Robin (D:3)
  6 adders
  39 gnolls
  A river rat (Lair:4)
  6 white imps
  An ufetubus (D:5)
  An adder skeleton (Crypt:1)
  3 worms
  2 dart slugs (D:4)
  70 orcs
  A bat (D:3)
  5 endoplasms
  3 giant cockroaches (D:1)
  6 hobgoblins
  12 jackals
  17 kobolds
  7 ball pythons
  5 frilled lizards
  A frilled lizard zombie (Crypt:3)
  16 goblins
  6 rats
  A butterfly (D:9)
  A fire vortex (Depths:1)
2054 creatures vanquished.

Vanquished Creatures (collateral kills)
  A pandemonium lord (Zot:5)
  An ancient lich (Zot:5)
  5 orbs of fire
  A caustic shrike (shapeshifter) (Vaults:5)
  3 golden dragons
  An electric golem (Zot:2)
  A Brimstone Fiend (Zot:5)
  9 tentacled monstrosities
  Zenata (Vaults:2)
  9 Orb Guardians (Zot:5)
  2 quicksilver dragons
  A deep elf master archer (Elf:2)
  2 titans (Vaults:5)
  An acid blob (Slime:5)
  An Executioner (Zot:4)
  2 sphinxes
  A thorn hunter (Swamp:2)
  2 tengu reavers (Vaults:5)
  A shadow dragon (Zot:1)
  A rockslime (Slime:3)
  A demonspawn warmonger (Zot:5)
  11 storm dragons
  A draconian monk (Zot:1)
  An azure jelly (Slime:5)
  Donald (Orc:2)
  5 vault wardens (Vaults:5)
  A deep elf sorcerer (Elf:3)
  A frost giant (Vaults:5)
  A ghost moth (Zot:4)
  A draconian scorcher (Zot:3)
  A draconian knight (Zot:2)
  A draconian shifter (Zot:2)
  A demonspawn corrupter (Zot:4)
  2 draconian annihilators
  An orc warlord (Vaults:4)
  3 quicksilver oozes (Slime:5)
  A draconian stormcaller (Depths:4)
  A war gargoyle (Vaults:5)
  2 ironbound preservers (Vaults:5)
  3 very ugly things
  A reaper (D:2)
  5 green draconians
  A ghoul (Crypt:3)
  2 stone giants
  5 white draconians
  3 black draconians
  3 deep elf annihilators
  4 red draconians
  5 yellow draconians
  2 purple draconians
  A green death (Depths:4)
  4 yaktaur captains (Vaults:5)
  A deep elf high priest (Elf:3)
  A jiangshi (Crypt:1)
  The ghost of porpoise the Severer, a journeyman HOMo of Qazlal (Lair:1)
  A fire dragon (Zot:2)
  Josephine (Orc:2)
  4 great orbs of eyes
  A hydra (Lair:1)
  20 vault guards (Vaults:5)
  2 ice dragons (Zot:3)
  2 anacondas
  An anaconda (shapeshifter) (Vaults:5)
  A hell hog (Zot:4)
  A satyr (shapeshifter) (Vaults:5)
  A naga warrior (Snake:4)
  A dancing weapon (Elf:2)
  A shock serpent (Snake:1)
  An orc high priest (Orc:2)
  A deep elf knight (Elf:2)
  A sun demon (Zot:4)
  3 fire crabs (Lair:4)
  3 skeletal warriors (Crypt:3)
  A death drake (Zot:3)
  4 deep trolls
  A bog body (Crypt:2)
  14 slime creatures
  2 deep elf archers (Vaults:5)
  A phantasmal warrior (Crypt:1)
  5 orc knights
  A deep elf zephyrmancer (Elf:2)
  An ugly thing (Vaults:5)
  3 elephants (Lair:4)
  9 moths of wrath
  A black mamba (Snake:1)
  A salamander (Snake:1)
  A black mamba (shapeshifter) (Vaults:5)
  A naga mage (Snake:1)
  An orange demon (Depths:4)
  4 vault sentinels (Vaults:5)
  An eye of devastation (Slime:2)
  An efreet (Zot:5)
  A troll (Orc:2)
  3 hornets
  4 dream sheep (Lair:4)
  A spriggan (Swamp:1)
  An air elemental (Elf:2)
  A ynoxinul (Zot:5)
  2 wraiths (Orc:2)
  3 yaks (Lair:4)
  5 wargs
  3 nagas (Lair:3)
  2 hell hounds
  An orc warrior (Vaults:1)
  2 wolves (Lair:5)
  3 ogres (Orc:2)
  A necrophage (Crypt:3)
  5 orc priests
  5 orcs (Orc:2)
  A briar patch (Swamp:2)
268 creatures vanquished.

Vanquished Creatures (others)
  10 eldritch tentacles
  2 draconian knights
  A black draconian (Zot:1)
  3 bloated husks
  A spriggan (Swamp:1)
  A water elemental (D:11)
  An orc warrior (Vaults:1)
  4 phantoms (Swamp:4)
  A briar patch (Swamp:2)
  24 foxfires
  36 fungi
  150 plants
234 creatures vanquished.

Grand Total: 2556 creatures vanquished

Notes
Turn   | Place    | Note
-------+----------+-------------------------------------------
     0 | D:1      | themarg the Gnoll Transmuter began the quest for the Orb.
     0 | D:1      | Reached XP level 1. HP: 17/17 MP: 6/6
    16 | D:1      | Found Zanyonoi's Armour Shoppe.
   250 | D:1      | Reached XP level 2. HP: 19/23 MP: 5/7
   253 | D:1      | Learned a level 2 spell: Wereblood
   573 | D:1      | Reached skill level 5 in Spellcasting
   573 | D:1      | Reached XP level 3. HP: 28/28 MP: 6/9
   577 | D:1      | Learned a level 3 spell: Spider Form
   580 | D:1      | Learned a level 2 spell: Blink
   969 | D:2      | Reached skill level 1 in Invocations
  1040 | D:2      | Noticed Terence
  1054 | D:2      | Killed Terence
  1055 | D:2      | Reached skill level 1 in Short Blades
  1055 | D:2      | Reached skill level 1 in Long Blades
  1055 | D:2      | Reached skill level 1 in Axes
  1055 | D:2      | Reached skill level 1 in Maces & Flails
  1055 | D:2      | Reached skill level 1 in Polearms
  1055 | D:2      | Reached skill level 1 in Staves
  1055 | D:2      | Reached skill level 1 in Ranged Weapons
  1055 | D:2      | Reached skill level 1 in Throwing
  1055 | D:2      | Reached skill level 1 in Armour
  1055 | D:2      | Reached skill level 1 in Stealth
  1055 | D:2      | Reached skill level 1 in Shields
  1055 | D:2      | Reached skill level 1 in Evocations
  1055 | D:2      | Reached XP level 4. HP: 34/34 MP: 6/11
  1104 | D:2      | Found a glowing silver altar of Zin.
  1268 | D:2      | Noticed Natasha
  1276 | D:2      | Killed Natasha
  1277 | D:2      | Reached skill level 1 in Conjurations
  1277 | D:2      | Reached skill level 1 in Hexes
  1277 | D:2      | Reached skill level 1 in Summonings
  1277 | D:2      | Reached skill level 1 in Necromancy
  1277 | D:2      | Reached skill level 1 in Translocations
  1277 | D:2      | Reached skill level 1 in Fire Magic
  1277 | D:2      | Reached skill level 1 in Ice Magic
  1277 | D:2      | Reached skill level 1 in Air Magic
  1277 | D:2      | Reached skill level 1 in Earth Magic
  1277 | D:2      | Reached skill level 1 in Poison Magic
  1386 | D:2      | Noticed Natasha
  1395 | D:2      | Killed Natasha
  1396 | D:2      | Reached XP level 5. HP: 40/40 MP: 9/12
  1617 | D:2      | Noticed Natasha
  1623 | D:2      | Killed Natasha
  1914 | D:3      | Noticed Grinder
  1915 | D:3      | Paralysed by Grinder for 3 turns
  1929 | D:3      | Killed Grinder
  1930 | D:3      | Reached skill level 5 in Dodging
  1930 | D:3      | Reached skill level 2 in Invocations
  1930 | D:3      | Reached XP level 6. HP: 40/47 MP: 8/14
  2203 | D:3      | Found a white marble altar of Elyvilon.
  2223 | D:3      | Found a sparkling altar of Nemelex Xobeh.
  2422 | D:3      | Became a worshipper of Nemelex Xobeh the Trickster
  2523 | D:3      | Found a faded altar of an unknown god.
  2584 | D:3      | Noticed Robin
  2602 | D:3      | Reached XP level 7. HP: 52/52 MP: 10/15
  2620 | D:3      | Killed Robin
  2889 | D:4      | Found Iziaj's General Store.
  2936 | D:4      | Bought a scroll of identify for 28 gold pieces
  2936 | D:4      | Bought 2 potions of might for 112 gold pieces
  3224 | D:4      | Found Hick's Magic Scroll Boutique.
  3550 | D:4      | Found a burning altar of Makhleb.
  3612 | D:4      | Reached * piety under Nemelex Xobeh
  3964 | D:5      | Entered Level 5 of the Dungeon
  3985 | D:5      | Reached skill level 3 in Invocations
  4304 | D:5      | Received a gift from Nemelex Xobeh
  4474 | D:5      | Reached XP level 8. HP: 39/60 MP: 13/16
  4879 | D:5      | Identified the +1 robe of Youthful Indiscretion {+Blink
                  | rPois MP+9 Str+3}
  4936 | D:5      | Found a shimmering blue altar of Sif Muna.
  4976 | D:6      | Found a shadowy altar of Dithmenos.
  5120 | D:6      | Received a gift from Nemelex Xobeh
  5208 | D:6      | Found a broken altar of Ashenzari.
  5426 | D:6      | Reached ** piety under Nemelex Xobeh
  5508 | D:6      | Reached skill level 4 in Invocations
  5746 | D:6      | Reached skill level 5 in Transmutations
  5852 | D:6      | Found an ancient bone altar of Kikubaaqudgha.
  6056 | D:6      | Found a staircase to the Ecumenical Temple.
  6069 | D:6      | Reached XP level 9. HP: 66/66 MP: 12/18
  6149 | D:6      | Learned a level 4 spell: Ice Form
  6492 | D:7      | Found a runed translucent door.
  6498 | D:7      | Noticed ooooo's ghost (amateur DsVM)
  6550 | D:7      | Noticed Menkaure
  6560 | D:7      | Killed Menkaure
  6780 | D:7      | Noticed Joseph
  6804 | D:7      | Killed Joseph
  6805 | D:7      | Reached skill level 5 in Fighting
  7199 | D:7      | Found a glowing golden altar of the Shining One.
  7504 | D:7      | Killed ooooo's ghost
  7664 | D:8      | Reached skill level 5 in Invocations
  7763 | D:8      | Noticed a hornet
  7765 | D:8      | Killed a hornet
  7766 | D:8      | Reached skill level 5 in Short Blades
  7766 | D:8      | Reached skill level 5 in Long Blades
  7766 | D:8      | Reached skill level 5 in Axes
  7766 | D:8      | Reached skill level 5 in Maces & Flails
  7766 | D:8      | Reached skill level 5 in Polearms
  7766 | D:8      | Reached skill level 5 in Staves
  7766 | D:8      | Reached skill level 5 in Ranged Weapons
  7766 | D:8      | Reached skill level 5 in Throwing
  7766 | D:8      | Reached skill level 5 in Armour
  7766 | D:8      | Reached skill level 5 in Stealth
  7766 | D:8      | Reached skill level 5 in Shields
  7766 | D:8      | Reached skill level 5 in Evocations
  7766 | D:8      | Reached XP level 10. HP: 40/76 MP: 7/20
  7919 | D:8      | Noticed Pikel
  7931 | D:8      | Killed Pikel
  8065 | D:8      | Identified the +1 leather armour "Maty" {Rampage}
  8742 | D:9      | Reached *** piety under Nemelex Xobeh
  8760 | D:9      | Reached skill level 6 in Invocations
  8913 | D:9      | Found a shimmering altar of Xom.
  9894 | D:9      | Received a gift from Nemelex Xobeh
 10121 | D:10     | Entered Level 10 of the Dungeon
 10249 | D:10     | Noticed Sonja
 10249 | D:10     | Found the +5 robe of Misfortune {Harm *Corrode *Slow EV+5}
 10254 | D:10     | Killed Sonja
 10255 | D:10     | Reached skill level 5 in Conjurations
 10255 | D:10     | Reached skill level 5 in Hexes
 10255 | D:10     | Reached skill level 5 in Summonings
 10255 | D:10     | Reached skill level 5 in Necromancy
 10255 | D:10     | Reached skill level 5 in Translocations
 10255 | D:10     | Reached skill level 5 in Fire Magic
 10255 | D:10     | Reached skill level 5 in Ice Magic
 10255 | D:10     | Reached skill level 5 in Air Magic
 10255 | D:10     | Reached skill level 5 in Earth Magic
 10255 | D:10     | Reached skill level 5 in Poison Magic
 10255 | D:10     | Reached XP level 11. HP: 83/83 MP: 23/23
 10270 | D:10     | Found an opulent altar of Gozag.
 10389 | D:10     | Found a sacrificial altar of Ru.
 10468 | D:10     | Received a gift from Nemelex Xobeh
 10574 | D:10     | Noticed a two-headed ogre
 10582 | D:10     | Killed a two-headed ogre
 10833 | D:10     | Found a staircase to the Orcish Mines.
 10975 | D:10     | Found an ornate altar of the Wu Jian Council.
 11076 | D:11     | Reached **** piety under Nemelex Xobeh
 11186 | D:11     | Reached skill level 7 in Invocations
 11376 | D:11     | Found a transporter.
 11378 | D:11     | Found a one-way gate to the infinite horrors of the Abyss.
 11380 | D:11     | Found a transporter.
 11395 | D:11     | Noticed a two-headed ogre
 11403 | D:11     | Killed a two-headed ogre
 11422 | D:11     | Found Bem Lao's Armour Boutique.
 11426 | D:11     | Noticed a two-headed ogre
 11437 | D:11     | Killed a two-headed ogre
 11595 | D:11     | Received a gift from Nemelex Xobeh
 11596 | D:11     | Noticed a hell hog
 11597 | D:11     | Noticed Cancer's ghost (journeyman BaIE)
 11825 | D:11     | Found Fouts's Antique Armour Boutique.
 11981 | D:11     | Noticed a two-headed ogre
 12000 | D:11     | Killed a two-headed ogre
 12210 | D:11     | Found a staircase to the Lair.
 12597 | Lair:1   | Entered Level 1 of the Lair of Beasts
 12693 | Lair:1   | Learned a level 5 spell: Arcjolt
 12740 | Lair:1   | Received a gift from Nemelex Xobeh
 12810 | Lair:1   | Reached XP level 12. HP: 91/91 MP: 19/24
 13301 | Lair:1   | Found a runed translucent gate.
 13301 | Lair:1   | Found a runed translucent gate.
 13302 | Lair:1   | Noticed a ten-headed hydra
 13303 | Lair:1   | Found a runed translucent gate.
 13304 | Lair:1   | Noticed porpoise's ghost (journeyman HOMo)
 13400 | Lair:1   | Reached ***** piety under Nemelex Xobeh
 13407 | Lair:1   | Reached skill level 8 in Invocations
 13875 | Lair:1   | Received a gift from Nemelex Xobeh
 14044 | Lair:2   | Reached skill level 10 in Unarmed Combat
 14427 | Lair:2   | Received a gift from Nemelex Xobeh
 14762 | Lair:2   | Received a gift from Nemelex Xobeh
 15355 | Lair:3   | Noticed a seven-headed hydra
 15358 | Lair:3   | Killed a seven-headed hydra
 15424 | Lair:3   | Found a staircase to the Swamp.
 15427 | Lair:3   | a tyrant leech changed into a fire dragon
 15427 | Lair:3   | Noticed a fire dragon
 15428 | Lair:3   | a fire dragon changed into a manticore
 15567 | Lair:3   | Identified the +3 dagger "Noad Wui" {flame, rCorr Dex+3}
 15661 | Lair:3   | Found a staircase to the Snake Pit.
 16367 | Lair:4   | Noticed a seven-headed hydra
 16374 | Lair:4   | Killed a seven-headed hydra
 16391 | Lair:4   | Reached XP level 13. HP: 66/99 MP: 5/26
 16396 | Lair:4   | Reached skill level 9 in Invocations
 16615 | Lair:4   | Found a staircase to the Slime Pits.
 16888 | Lair:4   | Received a gift from Nemelex Xobeh
 16981 | Lair:4   | Received a gift from Nemelex Xobeh
 17240 | Lair:4   | Reached ****** piety under Nemelex Xobeh
 17249 | Lair:4   | Found a runed translucent door.
 17550 | Lair:4   | Received a gift from Nemelex Xobeh
 17739 | Lair:5   | Entered Level 5 of the Lair of Beasts
 17759 | Lair:5   | Reached skill level 10 in Spellcasting
 17768 | Lair:5   | Paralysed by a hornet for 2 turns
 18541 | Lair:5   | Reached skill level 10 in Dodging
 19070 | Lair:5   | Received a gift from Nemelex Xobeh
 19740 | Lair:5   | Reached XP level 14. HP: 108/108 MP: 8/28
 19761 | Lair:5   | Reached skill level 10 in Invocations
 20023 | Lair:5   | Received a gift from Nemelex Xobeh
 20912 | Lair:5   | Identified the +2 flail "Olesteim" {freeze, rF- rC+ Stlth+}
 21697 | Lair:4   | Reached skill level 10 in Fighting
 21852 | Lair:4   | Identified the +6 falchion of the Desert {heavy, rPois
                  | Str+2}
 22019 | Lair:1   | Killed porpoise's ghost
 22065 | Lair:1   | Learned a level 5 spell: Fireball
 22284 | D:4      | Bought a scroll of identify for 28 gold pieces
 22284 | D:4      | Bought a scroll of teleportation for 42 gold pieces
 22284 | D:4      | Bought a scroll of identify for 28 gold pieces
 22284 | D:4      | Bought a scroll of fog for 56 gold pieces
 22439 | D:12     | Received a gift from Nemelex Xobeh
 22778 | D:12     | Noticed Maurice
 22785 | D:12     | Killed Maurice
 23563 | D:12     | Received a gift from Nemelex Xobeh
 23978 | Orc:1    | Entered Level 1 of the Orcish Mines
 24396 | Orc:2    | Entered Level 2 of the Orcish Mines
 24545 | Orc:2    | Noticed Josephine
 24545 | Orc:2    | Received a gift from Nemelex Xobeh
 24555 | Orc:2    | Killed Josephine
 24556 | Orc:2    | Reached skill level 10 in Short Blades
 24556 | Orc:2    | Reached skill level 10 in Long Blades
 24556 | Orc:2    | Reached skill level 10 in Axes
 24556 | Orc:2    | Reached skill level 10 in Maces & Flails
 24556 | Orc:2    | Reached skill level 10 in Polearms
 24556 | Orc:2    | Reached skill level 10 in Staves
 24556 | Orc:2    | Reached skill level 10 in Ranged Weapons
 24556 | Orc:2    | Reached skill level 10 in Throwing
 24556 | Orc:2    | Reached skill level 10 in Armour
 24556 | Orc:2    | Reached skill level 10 in Stealth
 24556 | Orc:2    | Reached skill level 10 in Shields
 24556 | Orc:2    | Reached skill level 10 in Evocations
 24565 | Orc:2    | Noticed Donald
 24571 | Orc:2    | Identified the -2 hand axe "Singam" {spect, rElec Str+3
                  | Stlth+}
 24581 | Orc:2    | Killed Donald
 24582 | Orc:2    | Reached skill level 11 in Invocations
 24582 | Orc:2    | Reached XP level 15. HP: 38/117 MP: 30/30
 24584 | Orc:2    | Found Raaril's Assorted Antiques.
 25235 | Orc:2    | Found Racayg's Jewellery Emporium.
 25245 | Orc:2    | Found Xijop's Antique Armour Shoppe.
 25376 | Orc:2    | Found a staircase to the Elven Halls.
 25480 | Orc:2    | Found Muiback's Antique Weapon Boutique.
 25480 | Orc:2    | Found Emyusun's Jewellery Emporium.
 25646 | Orc:2    | Found Siti Vie's Assorted Antiques.
 25646 | Orc:2    | Found Xeduntao's Assorted Antiques.
 25712 | Orc:2    | Bought an amulet of regeneration for 330 gold pieces
 25712 | Orc:2    | Bought the ring of Witushrainu {rPois Str+3 Int+4 Slay+2}
                  | for 551 gold pieces
 25770 | Orc:2    | Bought a scroll of identify for 46 gold pieces
 25770 | Orc:2    | Bought a potion of curing for 69 gold pieces
 25770 | Orc:2    | Bought a scroll of identify for 46 gold pieces
 25771 | Orc:2    | Identified a scroll of acquirement
 25772 | Orc:2    | Acquired 770 gold pieces
 25809 | Orc:2    | Bought a jewelled helmet for 247 gold pieces
 25809 | Orc:2    | Identified the +0 helmet "Dihal" {Will+ Int+2 SInv} (You
                  | bought it in a shop on level 2 of the Orcish Mines)
 25820 | Orc:2    | Bought a pair of runed boots for 195 gold pieces
 25838 | Orc:1    | Found Vuehugul's Antique Armour Boutique.
 26396 | Orc:1    | Bought a pair of embroidered gloves for 202 gold pieces
 26508 | D:12     | Learned a level 2 spell: Sublimation of Blood
 26510 | D:13     | Received a gift from Nemelex Xobeh
 27019 | D:13     | Received a gift from Nemelex Xobeh
 27827 | D:13     | Found a gate to the Vaults.
 28195 | D:14     | Noticed Agnes
 28213 | D:14     | HP: 4/140 [Agnes/+0 lajatang (15)]
 28223 | D:14     | Killed Agnes
 29089 | D:14     | Received a gift from Nemelex Xobeh
 29218 | D:14     | Found an iron altar of Okawaru.
 29603 | D:15     | Entered Level 15 of the Dungeon
 30016 | D:15     | Reached skill level 10 in Transmutations
 30018 | D:15     | Reached XP level 16. HP: 125/125 MP: 11/32
 30209 | D:15     | Found a sparkling altar of Nemelex Xobeh.
 30252 | D:15     | Identified Roxanne's Directory of Permutations
 30252 | D:15     | Noticed Roxanne
 30284 | D:15     | Found a staircase to the Depths.
 30298 | D:15     | Reached skill level 12 in Invocations
 30652 | D:15     | Received a gift from Nemelex Xobeh
 31206 | Snake:1  | Entered Level 1 of the Snake Pit
 31207 | Snake:1  | Identified the -2 hand axe of Bonnair {drain, Str+4 SInv}
 31646 | Snake:1  | Received a gift from Nemelex Xobeh
 31651 | Snake:1  | Noticed Aizul
 31681 | Snake:1  | Killed Aizul
 31791 | Snake:1  | Found a runed translucent gate.
 31792 | Snake:1  | Found a runed translucent gate.
 31795 | Snake:1  | Found a runed translucent gate.
 31797 | Snake:1  | Noticed Josuitwi's ghost (adept MfGl)
 31797 | Snake:1  | Noticed Josuitwi's ghost (adept MfGl)
 31932 | Snake:1  | Found Rublar's Book Emporium.
 31936 | Snake:1  | Bought a book of Transfigurations for 440 gold pieces
 31942 | Snake:1  | Learned a level 5 spell: Blade Hands
 31948 | Snake:1  | Learned a level 5 spell: Irradiate
 32121 | Snake:2  | Noticed Louise
 32217 | Snake:2  | Identified the +1 leather armour of Qaleozu {Harm rElec
                  | rPois Int-5 Dex-2}
 32509 | Snake:2  | Killed Louise
 32712 | Snake:2  | Received a gift from Nemelex Xobeh
 32783 | Snake:2  | Found Rietwy's Weapon Boutique.
 32976 | Snake:2  | Found a stormy altar of Qazlal.
 33458 | Snake:3  | Found Yryusm's Vocational Training.
 33563 | Snake:3  | Received a gift from Nemelex Xobeh
 34339 | Snake:3  | Received a gift from Nemelex Xobeh
 34393 | Snake:3  | Found a runed translucent gate.
 34394 | Snake:3  | Found a runed translucent gate.
 34394 | Snake:3  | Found an opulent altar of Gozag.
 34395 | Snake:3  | Found a runed translucent gate.
 34396 | Snake:3  | Noticed jejorda2's ghost (adept MfBe)
 35095 | Slime:1  | Entered Level 1 of the Pits of Slime
 35095 | Slime:1  | Noticed an acid blob
 35278 | Swamp:1  | Entered Level 1 of the Swamp
 35287 | Swamp:1  | Noticed Frances
 35294 | Swamp:1  | Noticed a fenstrider witch
 35295 | Swamp:1  | Killed a fenstrider witch
 35296 | Swamp:1  | Reached XP level 17. HP: 126/133 MP: 33/33
 35299 | Swamp:1  | Killed Frances
 35346 | Swamp:1  | Reached skill level 10 in Conjurations
 35346 | Swamp:1  | Reached skill level 10 in Hexes
 35346 | Swamp:1  | Reached skill level 10 in Summonings
 35346 | Swamp:1  | Reached skill level 10 in Necromancy
 35346 | Swamp:1  | Reached skill level 10 in Translocations
 35346 | Swamp:1  | Reached skill level 10 in Fire Magic
 35346 | Swamp:1  | Reached skill level 10 in Ice Magic
 35346 | Swamp:1  | Reached skill level 10 in Air Magic
 35346 | Swamp:1  | Reached skill level 10 in Earth Magic
 35346 | Swamp:1  | Reached skill level 10 in Poison Magic
 35477 | Swamp:1  | Noticed Mlioglotl
 35485 | Swamp:1  | Killed Mlioglotl
 36134 | Swamp:2  | Received a gift from Nemelex Xobeh
 36141 | Swamp:2  | Noticed a tentacled monstrosity
 36158 | Swamp:2  | Killed a tentacled monstrosity
 36159 | Swamp:2  | Reached skill level 13 in Invocations
 38161 | Swamp:3  | Received a gift from Nemelex Xobeh
 38976 | Snake:1  | Killed Josuitwi's ghost
 38976 | Snake:1  | Killed Josuitwi's ghost
 39227 | Snake:3  | Bought a manual of Invocations for 1200 gold pieces
 39302 | Snake:4  | Entered Level 4 of the Snake Pit
 39469 | Snake:4  | Received a gift from Nemelex Xobeh
 39930 | Snake:4  | Found a sparkling altar of Nemelex Xobeh.
 40262 | Snake:4  | Identified the -1 hand axe "Biwn" {elec, *Slow rElec rF++
                  | Int+4}
 40674 | Snake:4  | Reached XP level 18. HP: 108/142 MP: 35/35
 41313 | Snake:4  | Reached skill level 14 in Invocations
 41960 | Snake:4  | Got a serpentine rune of Zot
 42423 | Swamp:4  | Entered Level 4 of the Swamp
 42641 | Swamp:4  | Received a gift from Nemelex Xobeh
 42678 | Swamp:4  | Noticed Kirke
 43082 | Swamp:4  | Killed Kirke
 43119 | Swamp:4  | Noticed Bai Suzhen
 43292 | Swamp:4  | Killed Bai Suzhen
 44987 | Swamp:4  | Noticed a bone dragon
 45007 | Swamp:4  | Killed a bone dragon
 45259 | Swamp:4  | Got a decaying rune of Zot
 45924 | Snake:3  | Banished jejorda2's ghost
 46571 | Elf:1    | Entered Level 1 of the Elven Halls
 47052 | Elf:1    | Received a gift from Nemelex Xobeh
 47326 | Elf:1    | Found Otyerhog's Assorted Antiques.
 47618 | Elf:1    | Reached skill level 15 in Invocations
 48335 | Elf:1    | Got Dispater's Commentary on the Comitatus
 48646 | Elf:1    | Reached XP level 19. HP: 150/150 MP: 26/37
 48766 | Elf:1    | Received a gift from Nemelex Xobeh
 49133 | Elf:2    | Found Neuloef's Weapon Emporium.
 49392 | Elf:2    | Found a runed translucent gate.
 49392 | Elf:2    | Found a runed translucent gate.
 49393 | Elf:2    | Found a runed translucent gate.
 49763 | Elf:2    | Found a huge runed gate.
 49763 | Elf:2    | Found a huge runed gate.
 49763 | Elf:2    | Found a huge runed gate.
 49763 | Elf:2    | Found a huge runed gate.
 49763 | Elf:2    | Found a huge runed gate.
 49764 | Elf:2    | Found a huge runed gate.
 49764 | Elf:2    | Found a huge runed gate.
 49765 | Elf:2    | Found a huge runed gate.
 49765 | Elf:2    | Found a huge runed gate.
 49766 | Elf:2    | Found a huge runed gate.
 49767 | Elf:2    | Found a huge runed gate.
 49772 | Elf:2    | Found a huge runed gate.
 49785 | Elf:2    | Found a huge runed gate.
 49785 | Elf:2    | Found a huge runed gate.
 49785 | Elf:2    | Found a huge runed gate.
 49785 | Elf:2    | Found a huge runed gate.
 49785 | Elf:2    | Found a huge runed gate.
 49840 | Elf:2    | Found a huge runed gate.
 49841 | Elf:2    | Found a huge runed gate.
 49842 | Elf:2    | Found a huge runed gate.
 49843 | Elf:2    | Found a huge runed gate.
 49853 | Elf:2    | Found a huge runed gate.
 49853 | Elf:2    | Found a huge runed gate.
 49853 | Elf:2    | Found a huge runed gate.
 49853 | Elf:2    | Found a huge runed gate.
 49853 | Elf:2    | Found a huge runed gate.
 49853 | Elf:2    | Found a huge runed gate.
 49854 | Elf:2    | Found a huge runed gate.
 49855 | Elf:2    | Found a huge runed gate.
 49856 | Elf:2    | Found a huge runed gate.
 49864 | Elf:2    | Found a huge runed gate.
 49864 | Elf:2    | Found a huge runed gate.
 49864 | Elf:2    | Found a huge runed gate.
 49864 | Elf:2    | Found a huge runed gate.
 49864 | Elf:2    | Found a huge runed gate.
 49864 | Elf:2    | Found a huge runed gate.
 50202 | Elf:2    | Paralysed by an air elemental for 1 turns
 50540 | Vaults:1 | Entered Level 1 of the Vaults
 50540 | Vaults:1 | Received a gift from Nemelex Xobeh
 50544 | Vaults:1 | Identified the +11 lajatang "Demonslayer" {holy, Contam
                  | Int+5}
 50805 | Vaults:1 | Learned a level 1 spell: Apportation
 50812 | Vaults:1 | Learned a level 6 spell: Iron Shot
 50933 | Vaults:1 | Reached skill level 16 in Invocations
 51102 | Vaults:1 | Reached skill level 15 in Unarmed Combat
 52732 | Vaults:1 | Reached XP level 20. HP: 141/159 MP: 10/38
 52897 | Vaults:1 | Received a gift from Nemelex Xobeh
 53226 | Vaults:1 | Found Uneurefi's Antique Weapon Shoppe.
 53503 | Vaults:2 | Found Kuuludow's Magic Scroll Shop.
 53610 | Vaults:2 | Bought a scroll of enchant armour for 90 gold pieces
 53665 | Vaults:2 | Noticed Zenata
 53673 | Vaults:2 | Killed Zenata
 54550 | Vaults:2 | Received a gift from Nemelex Xobeh
 54666 | Vaults:2 | Identified the +3 ring mail "Neru" {rN+ Str+3 Int+4}
 55423 | Vaults:2 | Reached skill level 17 in Invocations
 55923 | Vaults:2 | Reached skill level 15 in Spellcasting
 56292 | Vaults:2 | Found Fijas's Jewellery Emporium.
 57282 | Vaults:3 | Reached skill level 15 in Dodging
 57288 | Vaults:3 | Found a staircase to the Crypt.
 57507 | Vaults:3 | Received a gift from Nemelex Xobeh
 58979 | Vaults:4 | Received a gift from Nemelex Xobeh
 59027 | Vaults:4 | Found a runed translucent door.
 59048 | Vaults:4 | Noticed howech's ghost (veteran MiGl)
 59054 | Vaults:4 | Learned a level 4 spell: Dispel Undead
 59066 | Vaults:4 | Killed howech's ghost
 59086 | Vaults:4 | Learned a level 7 spell: Ozocubu's Refrigeration
 59834 | Vaults:4 | Noticed Jory
 59841 | Vaults:4 | Killed Jory
 59849 | Vaults:4 | Reached XP level 21. HP: 154/167 MP: 10/40
 60096 | Vaults:4 | Received a gift from Nemelex Xobeh
 60447 | Vaults:4 | Reached skill level 18 in Invocations
 60958 | Vaults:4 | Received a gift from Nemelex Xobeh
 61216 | Vaults:4 | Reached skill level 15 in Fighting
 61915 | Elf:3    | Entered Level 3 of the Elven Halls
 62205 | Elf:3    | Found Ducreech's Armour Emporium.
 62205 | Elf:3    | Found Onne's Armour Shoppe.
 62564 | Elf:3    | Received a gift from Nemelex Xobeh
 62707 | Elf:3    | Found Amuekien's Assorted Antiques.
 63494 | Elf:3    | Identified the amulet of Roog {Acrobat SInv Stlth+}
 63620 | Elf:3    | Identified the +5 quarterstaff of Foqufuh {venom, Str+7
                  | Int-4}
 64293 | Elf:3    | Reached skill level 15 in Short Blades
 64293 | Elf:3    | Reached skill level 15 in Long Blades
 64293 | Elf:3    | Reached skill level 15 in Axes
 64293 | Elf:3    | Reached skill level 15 in Maces & Flails
 64293 | Elf:3    | Reached skill level 15 in Polearms
 64293 | Elf:3    | Reached skill level 15 in Staves
 64293 | Elf:3    | Reached skill level 15 in Ranged Weapons
 64293 | Elf:3    | Reached skill level 15 in Throwing
 64293 | Elf:3    | Reached skill level 15 in Armour
 64293 | Elf:3    | Reached skill level 15 in Stealth
 64293 | Elf:3    | Reached skill level 15 in Shields
 64293 | Elf:3    | Reached skill level 15 in Evocations
 64381 | Elf:3    | Received a gift from Nemelex Xobeh
 64513 | Elf:3    | Got the Monograph on the Lithosphere
 64609 | Elf:3    | Identified the +2 pair of gloves of the Game of Life {Harm
                  | *Slow Will+ Slay+2}
 65748 | D:15     | Killed Roxanne
 65877 | Depths:1 | Entered Level 1 of the Depths
 66825 | Depths:1 | Received a gift from Nemelex Xobeh
 66997 | Depths:1 | You are sucked into a shaft and drop 1 floor!
 67100 | Depths:2 | Reached skill level 19 in Invocations
 67884 | Depths:1 | Identified the +8 mace "Hell-Harrower" {holy, *Slow Int+5
                  | SInv}
 67889 | Depths:1 | Found a gateway to Hell.
 68166 | Depths:1 | Reached XP level 22. HP: 176/176 MP: 8/42
 69278 | Depths:2 | Found a one-way gate leading to the halls of Pandemonium.
 70038 | Depths:2 | Identified the +6 spear of Putrescence {venom, rC+ rN+
                  | Will-}
 70441 | Depths:2 | Noticed a juggernaut
 70446 | Depths:2 | Killed a juggernaut
 71543 | Depths:2 | Received a gift from Nemelex Xobeh
 72021 | Depths:2 | Found a one-way gateway to a ziggurat.
 73437 | Depths:3 | Reached skill level 20 in Invocations
 73492 | Depths:3 | Received a gift from Nemelex Xobeh
 74598 | Depths:3 | Identified the +9 scimitar "Conservator" {speed, +Blink
                  | rCorr Str-5}
 75013 | Depths:3 | Found the +2 shield of Resistance {rF++ rC++ Will++}
 75658 | Depths:4 | Entered Level 4 of the Depths
 75721 | Depths:4 | Identified the +5 executioner's axe of Soentip {freeze,
                  | rN++ Stlth+}
 75770 | Depths:4 | Received a gift from Nemelex Xobeh
 75772 | Depths:4 | Found Girrubon's Book Shoppe.
 75773 | Depths:4 | Found Vekesil's Jewellery Shop.
 75773 | Depths:4 | Found Ykicotak's Jewellery Shop.
 75811 | Depths:4 | Reached XP level 23. HP: 163/184 MP: 9/44
 75877 | Depths:4 | Found a flickering gateway to a bazaar.
 75887 | Bazaar   | Entered a bazaar
 75891 | Bazaar   | Found Poiprecw's Antique Armour Boutique.
 75936 | Bazaar   | Found Hegead's Jewellery Emporium.
 75957 | Bazaar   | Found Ceph's Jewellery Boutique.
 75977 | Bazaar   | Found Abreej's Antique Armour Shoppe.
 76221 | Depths:4 | Noticed Xtahua
 76225 | Depths:4 | Xtahua changed into Xtahua the titan
 76225 | Depths:4 | Noticed Xtahua
 76231 | Depths:4 | Killed Xtahua the titan
 76829 | D:4      | Bought a scroll of brand weapon for 133 gold pieces
 77277 | Snake:1  | Bought the Incunabulum of the Dead and the Blaze for 506
                  | gold pieces
 77284 | Snake:1  | Learned a level 5 spell: Borgnjor's Vile Clutch
 77292 | Snake:1  | Learned a level 7 spell: Spellforged Servitor
 77303 | Snake:1  | Learned a level 8 spell: Lehudib's Crystal Spear
 77658 | Depths:4 | Bought the ring of Guutz {rElec SInv} for 551 gold pieces
 77682 | Depths:4 | Noticed a golden dragon
 77694 | Depths:4 | Killed a golden dragon
 78103 | Depths:4 | Found a gate to the Realm of Zot.
 78587 | Depths:4 | Received a gift from Nemelex Xobeh
 79479 | Slime:2  | Gained mutation: You occasionally lose the ability to read
                  | scrolls when taking damage. [a shining eye]
 79481 | Slime:2  | Lost mutation: You occasionally lose the ability to read
                  | scrolls when taking damage. [potion of mutation]
 79481 | Slime:2  | Gained mutation: You are occasionally teleported next to
                  | monsters. [potion of mutation]
 79481 | Slime:2  | Gained mutation: Your muscles are strong. (Str +4, Int/Dex
                  | -1) [potion of mutation]
 79481 | Slime:2  | Gained mutation: You have sharp toenails. [potion of
                  | mutation]
 79482 | Slime:2  | Lost mutation: You are occasionally teleported next to
                  | monsters. [potion of mutation]
 79482 | Slime:2  | Lost mutation: You have sharp toenails. [potion of
                  | mutation]
 79482 | Slime:2  | Lost mutation: Your muscles are strong. (Str +4, Int/Dex
                  | -1) [potion of mutation]
 79482 | Slime:2  | Gained mutation: You have an increased reservoir of magic.
                  | (+10% MP) [potion of mutation]
 79482 | Slime:2  | Gained mutation: You are vulnerable to cold. (rC-) [potion
                  | of mutation]
 80037 | Orc:2    | Bought a ring of resist corrosion for 220 gold pieces
 81526 | Slime:4  | Received a gift from Nemelex Xobeh
 82475 | Slime:4  | Received a gift from Nemelex Xobeh
 82844 | Slime:5  | Entered Level 5 of the Pits of Slime
 82957 | Slime:5  | Reached skill level 21 in Invocations
 83108 | Slime:5  | Noticed the Royal Jelly
 83287 | Slime:4  | Gained mutation: You are clumsy. (Dex -2) [a shining eye]
 84130 | Slime:5  | Received a gift from Nemelex Xobeh
 84137 | Slime:5  | Found a viscous altar of Jiyva.
 84595 | Slime:5  | Killed the Royal Jelly
 84925 | Slime:5  | Identified the +5 war axe of Puafekaps {antimagic, rElec
                  | rC- rN++ rCorr}
 84953 | Slime:5  | Got a slimy rune of Zot
 84974 | Slime:5  | Identified the +1 scale mail "Oluczyni" {rF+ rC+}
 84979 | Slime:5  | Identified the ring of Liberty {rF+ rC+}
 84997 | Slime:5  | Got the Catalogue of the Brume and the Cwm
 85003 | Slime:5  | Identified the +1 robe "Hirev" {Dex+3}
 85008 | Slime:5  | Identified the ring "Ling" {rN+ Will- Int+9 Dex-4}
 85640 | Zot:1    | Entered Level 1 of the Realm of Zot
 85930 | Zot:2    | Noticed a Killer Klown
 85930 | Zot:2    | Noticed a Killer Klown
 85930 | Zot:2    | Found a runed translucent gate.
 85930 | Zot:2    | Found a runed translucent gate.
 86062 | Zot:1    | Reached XP level 24. HP: 138/193 MP: 4/50
 87177 | Zot:2    | Noticed Xitz's ghost (veteran DsCj)
 87180 | Zot:2    | Killed a Killer Klown
 87181 | Zot:2    | a Killer Klown changed into an iron dragon
 87183 | Zot:2    | Identified the +4 demon trident "Wune" {flame, Stlth+}
 87333 | Zot:1    | Identified the +9 falchion of Intense Valour {heavy, Str+3
                  | Int+5}
 87835 | Zot:1    | Received a gift from Nemelex Xobeh
 87882 | Zot:1    | Reached skill level 22 in Invocations
 87906 | Zot:1    | Gained mutation: Armour fits poorly on your strangely
                  | shaped body. [mutagenic glow]
 88009 | Depths:4 | Upgraded the game from 0.30-a0-639-g3916f1956a to
                  | 0.30-a0-652-gcc886f7154
 88783 | Vaults:5 | Entered Level 5 of the Vaults
 88789 | Vaults:5 | Noticed Sojobo
 88793 | Vaults:5 | Reached skill level 15 in Transmutations
 88796 | Vaults:5 | Paralysed by an air elemental for 1 turns
 89467 | Vaults:5 | Found Firiblaa's Distillery.
 89467 | Vaults:5 | Found Unool's Distillery.
 89860 | Vaults:5 | Paralysed by an air elemental for 1 turns
 89874 | Vaults:5 | Killed Sojobo
 89992 | Vaults:5 | Reached XP level 25. HP: 193/202 MP: 47/51
 90048 | Vaults:5 | Received a gift from Nemelex Xobeh
 90530 | Vaults:5 | Identified the ring "Megunoun" {Drain rPois rCorr Str+4}
 90710 | Vaults:5 | Identified the ring of Qileoq {rPois rF+ Will- Dex+3 SInv}
 90717 | Vaults:5 | Identified the +0 plate armour of Zanerow {Will+ rCorr
                  | Str+3}
 90717 | Vaults:5 | Identified the ring of Wiojuz {Will+ EV+5 Str+3}
 90824 | Vaults:5 | Found Bedye's Magic Scroll Shop.
 90824 | Vaults:5 | Found Ciphan's Magic Scroll Shoppe.
 90838 | Vaults:5 | Found Cusihawa's Magic Scroll Shop.
 90838 | Vaults:5 | Found Kogu's Armour Shoppe.
 90845 | Vaults:5 | Found Erchep's Magic Scroll Shop.
 90956 | Vaults:5 | Got the Directory of the Subzero Whammy
 91388 | Vaults:5 | Identified the +2 broad axe of Dissent {flame, Fly rN+
                  | Int+3}
 91447 | Vaults:5 | Reached skill level 23 in Invocations
 91569 | Vaults:5 | Got a silver rune of Zot
 91686 | Vaults:5 | Reached skill level 15 in Conjurations
 91686 | Vaults:5 | Reached skill level 15 in Hexes
 91686 | Vaults:5 | Reached skill level 15 in Summonings
 91686 | Vaults:5 | Reached skill level 15 in Necromancy
 91686 | Vaults:5 | Reached skill level 15 in Translocations
 91686 | Vaults:5 | Reached skill level 15 in Fire Magic
 91686 | Vaults:5 | Reached skill level 15 in Ice Magic
 91686 | Vaults:5 | Reached skill level 15 in Air Magic
 91686 | Vaults:5 | Reached skill level 15 in Earth Magic
 91686 | Vaults:5 | Reached skill level 15 in Poison Magic
 91978 | Vaults:5 | Bought a scroll of fear for 80 gold pieces
 91978 | Vaults:5 | Bought a scroll of blinking for 150 gold pieces
 91978 | Vaults:5 | Bought a scroll of fog for 80 gold pieces
 92005 | Vaults:5 | Bought a potion of heal wounds for 65 gold pieces
 92005 | Vaults:5 | Bought a potion of heal wounds for 65 gold pieces
 92005 | Vaults:5 | Bought a potion of mutation for 104 gold pieces
 92005 | Vaults:5 | Bought a potion of curing for 39 gold pieces
 92005 | Vaults:5 | Bought a potion of haste for 130 gold pieces
 92005 | Vaults:5 | Bought a potion of brilliance for 52 gold pieces
 92053 | Vaults:5 | Bought a potion of heal wounds for 50 gold pieces
 92053 | Vaults:5 | Bought a potion of heal wounds for 50 gold pieces
 92053 | Vaults:5 | Bought a potion of brilliance for 40 gold pieces
 92053 | Vaults:5 | Bought a potion of haste for 100 gold pieces
 92060 | Vaults:5 | Bought a scroll of blinking for 97 gold pieces
 92060 | Vaults:5 | Bought a scroll of teleportation for 39 gold pieces
 92097 | Vaults:5 | Bought a scroll of fear for 52 gold pieces
 92097 | Vaults:5 | Bought a scroll of blinking for 97 gold pieces
 92097 | Vaults:5 | Bought a scroll of teleportation for 39 gold pieces
 92194 | Vaults:5 | Identified the +8 hand axe of Midnight {holy, rPois Dex+2}
 92668 | Crypt:1  | Entered Level 1 of the Crypt
 93065 | Crypt:1  | Received a gift from Nemelex Xobeh
 93882 | Crypt:1  | Received a gift from Nemelex Xobeh
 95407 | Crypt:3  | Entered Level 3 of the Crypt
 95557 | Crypt:3  | Received a gift from Nemelex Xobeh
 95612 | Crypt:3  | Noticed an ancient lich
 95617 | Crypt:3  | Killed an ancient lich
 95644 | Crypt:3  | Reached XP level 26. HP: 121/211 MP: 37/52
 96390 | Crypt:3  | Found the +8 Wrath of Trog {antimagic, *Rage Rampage}
 96978 | Crypt:3  | Found a runed translucent door.
 96979 | Crypt:3  | Noticed Hyrrirob's ghost (veteran GrEE)
 97381 | Crypt:3  | Found a staircase to the Tomb.
 97784 | Crypt:3  | Noticed a dread lich
 97784 | Crypt:3  | Noticed an ancient lich
 97784 | Crypt:3  | Noticed an ancient lich
 98175 | Zot:2    | Noticed an orb of fire
 98551 | Zot:1    | Lost mutation: You have an increased reservoir of magic.
                  | (+10% MP) [potion of mutation]
 98551 | Zot:1    | Lost mutation: You are vulnerable to cold. (rC-) [potion of
                  | mutation]
 98551 | Zot:1    | Lost mutation: Armour fits poorly on your strangely shaped
                  | body. [potion of mutation]
 98551 | Zot:1    | Gained mutation: You are strong-willed. (Will+) [potion of
                  | mutation]
 98551 | Zot:1    | Gained mutation: You are highly strong-willed. (Will++)
                  | [potion of mutation]
 98556 | Zot:2    | Gained mutation: You are frail. (-10% HP) [an orb of fire]
 98560 | Zot:2    | Gained mutation: Your magical capacity is low. (-10% MP)
                  | [an orb of fire]
 98562 | Zot:2    | Reached skill level 24 in Invocations
 98562 | Zot:2    | Killed an orb of fire
 98771 | Zot:1    | Lost mutation: Your magical capacity is low. (-10% MP)
                  | [potion of mutation]
 98771 | Zot:1    | Lost mutation: You are clumsy. (Dex -2) [potion of
                  | mutation]
 98771 | Zot:1    | Gained mutation: Armour fits poorly on your strangely
                  | shaped body. [potion of mutation]
 98771 | Zot:1    | Gained mutation: Your movements are slightly less
                  | encumbered by armour. (ER -2) [potion of mutation]
 98772 | Zot:1    | Lost mutation: You are frail. (-10% HP) [potion of
                  | mutation]
 98772 | Zot:1    | Lost mutation: You are highly strong-willed. (Will++)
                  | [potion of mutation]
 98772 | Zot:1    | Gained mutation: You are vulnerable to cold. (rC-) [potion
                  | of mutation]
 98772 | Zot:1    | Gained mutation: You are somewhat resistant to further
                  | mutation. [potion of mutation]
 98773 | Zot:1    | Lost mutation: You are somewhat resistant to further
                  | mutation. [potion of mutation]
 98773 | Zot:1    | Lost mutation: You are vulnerable to cold. (rC-) [potion of
                  | mutation]
 98773 | Zot:1    | Lost mutation: Your movements are slightly less encumbered
                  | by armour. (ER -2) [potion of mutation]
 98773 | Zot:1    | Gained mutation: You occasionally shout uncontrollably at
                  | your foes. [potion of mutation]
 98773 | Zot:1    | Gained mutation: You are weak. (Str -2) [potion of
                  | mutation]
 98773 | Zot:1    | Gained mutation: You are covered in fur. (AC +1) [potion of
                  | mutation]
 98774 | Zot:1    | Lost mutation: You are weak. (Str -2) [potion of mutation]
 98774 | Zot:1    | Lost mutation: Armour fits poorly on your strangely shaped
                  | body. [potion of mutation]
 98774 | Zot:1    | Gained mutation: Your mind is acute. (Int +4, Str/Dex -1)
                  | [potion of mutation]
 98774 | Zot:1    | Gained mutation: You are somewhat resistant to further
                  | mutation. [potion of mutation]
 98788 | Zot:2    | Found a runed translucent gate.
 99373 | Zot:2    | Noticed an orb of fire
 99390 | Zot:2    | Killed an orb of fire
 99748 | Zot:3    | Received a gift from Nemelex Xobeh
100167 | Zot:3    | Found a runed translucent gate.
100167 | Zot:3    | Found a runed translucent gate.
100167 | Zot:3    | Found a runed translucent gate.
100168 | Zot:3    | Noticed a dread lich
100168 | Zot:3    | Noticed Gehih's ghost (veteran MiBe)
101370 | Zot:4    | Reached XP level 27. HP: 220/220 MP: 27/49
101904 | Zot:5    | Entered Level 5 of the Realm of Zot
102406 | Zot:5    | Received a gift from Nemelex Xobeh
102585 | Zot:5    | Learned a level 7 spell: Malign Gateway
103560 | Zot:5    | Reached skill level 25 in Invocations
103665 | Zot:5    | Noticed an ancient lich
103680 | Zot:5    | Killed an ancient lich
103853 | Zot:5    | Noticed an orb of fire
103853 | Zot:5    | Noticed an orb of fire
103858 | Zot:5    | Noticed an orb of fire
103863 | Zot:5    | Gained mutation: Your magical capacity is low. (-10% MP)
                  | [an orb of fire]
103867 | Zot:5    | Killed an orb of fire
103981 | Zot:5    | Killed an orb of fire
104124 | Zot:5    | Killed an orb of fire
104312 | Zot:5    | Noticed an ancient lich
104315 | Zot:5    | Killed an ancient lich
104518 | Zot:5    | Noticed an orb of fire
104523 | Zot:5    | Killed an orb of fire
104536 | Zot:5    | Noticed an orb of fire
104540 | Zot:5    | Gained mutation: You are occasionally teleported next to
                  | monsters. [an orb of fire]
104541 | Zot:5    | Banished an orb of fire
104904 | Zot:5    | Noticed Meoh the pandemonium lord
104908 | Zot:5    | Got the Orb of Zot
104909 | Zot:5    | Identified the +0 trident "Ynwiussa" {flame, Int+4}
104917 | Zot:5    | Killed Meoh the pandemonium lord
105584 | D:$      | Escaped with the Orb!

Illustrated notes

Levels and vault maps discovered:
D:1:      minmay_arrival_solitary_statue, layout_loops_ring, serial_shops, shop,
          minmay_3d_cube
D:2:      layout_basic, basic_altar, uniq_terence, uniq_natasha
D:3:      layout_loops_ring, mainiacjoe_overflow_catwalk_spiral,
          ebering_ecumenical_altar_box, uniq_robin, uniq_grinder
D:4:      layout_basic, makhleb_heckhound_becter, serial_shops, shop_scrolls,
          shop_fountains
D:5:      layout_rooms, lemuel_coloured_pillars_altar
D:6:      layout_cave_pools, grunt_dithmenos_smoke, nicolae_ashenzari_skybound,
          kiku_gazebo_pond_becter, temple_doors_cd, lemuel_flamethrower_2
D:7:      layout_cave_pools, tso_oasis_becter, ebering_ghost_reflecting_pool,
          supply_closet_lemuel, chequers_jeans, minmay_misc_feat_more_columns,
          grunt_decor_one_mirror, uniq_joseph, uniq_menkaure
D:8:      layout_basic, uniq_pikel
D:9:      layout_stronghold, xom_butterflies
D:10:     layout_rooms, nicolae_wu_jian_immortal_techniques,
          nicolae_gozag_seed_capital, marbit_many_paths, eino_tiny_chamber,
          uniq_sonja
D:11:     layout_basic, david_lair_shrubbed, serial_shops,
          nicolae_shop_hallway_plus,
          nicolae_shop_temple_entry_statues_fountains,
          gammafunk_ghost_abyssal_escape, serial_bayou, serial_bayou_shore_b,
          serial_bayou_pond_d, serial_bayou_lagoon_b, serial_bayou_pond_e
D:12:     layout_roguey, nrook_uturn, uniq_maurice
D:13:     layout_stronghold, hangedman_vaults_entry_quadrant_bands,
          dreamdust_mushroom_princess
D:14:     layout_grid_maze, kennysheep_minor_cross, okawaru_gym_becter,
          uniq_agnes
D:15:     hangedman_depths_entry_try_elsewhere_first, layout_loops_ring,
          minmay_misc_feat_pillars, nemelex_xobeh_ov_fountains_minmay,
          uniq_roxanne
Lair:1:   layout_chaotic_city, nicolae_volcano_entry_batcave,
          gammafunk_ghost_hydra_chop, infiniplex_staircase_pool
Lair:2:   layout_gridlike, chequers_serial_rivers_marsh
Lair:3:   layout_loops_ring, minmay_swamp_entry_worms,
          guppyfry_snake_entry_island
Lair:4:   gammafunk_mikee_crab_dinner, layout_gridlike,
          minmay_slime_entry_jelly_boxes
Lair:5:   hangedman_lair_caniforms_friends, layout_cave_pods,
          hangedman_lair_tendril_chambers
Swamp:1:  layout_falls_marsh, nicolae_swamp_orc_logging_accident, uniq_frances,
          uniq_mlioglotl
Swamp:2:  layout_basic_swamp, nicolae_swamp_dense_foliage, grunt_hermit_hut,
          infiniplex_staircase_pool_2
Swamp:3:  layout_basic_swamp, evilmike_swamp_ruin_house_4
Swamp:4:  swamp_pestilence, layout_basic_swamp, uniq_bai_suzhen, uniq_kirke
Snake:1:  layout_cave_shapes, gammafunk_ghost_cemetery, serial_bayou_crossing,
          minmay_shop_star, uniq_aizul
Snake:2:  layout_gridlike, serial_shops, shop, basic_altar, uniq_louise
Snake:3:  layout_chambers, ebering_ghost_gozag, nicolae_shop_vocational,
          grunt_megastairs_4, serial_bayou_shore_a
Snake:4:  minmay_snake_end_coiled, layout_cave_town, basic_altar
Slime:1:  layout_caves
Slime:2:  layout_caves
Slime:3:  layout_caves
Slime:4:  cheibrodos_slime_lost_civilization_2, layout_caves
Slime:5
Orc:1:    layout_caves, serial_shops, nicolae_shop_advertising_works
          [nicolae_subvault_shop_adworks], guppyfry_library_mini
Orc:2:    st_orc_town, layout_caves, serial_shops, shop_statue,
          nicolae_shop_trees, nicolae_shop_temple_entry_statues_fountains,
          uniq_josephine, uniq_donald
Elf:1:    layout_gridlike, serial_shops, shop, minmay_elf_demonology,
          minivault_23
Elf:2:    nicolae_elf_blades_splatter_lattice [nicolae_blade_lattice],
          layout_geoelf_diagonals, serial_shops,
          nicolae_shop_bloodbath_and_beyond, door_vault
Elf:3:    minmay_elf_hall_curves, layout_loops_corners, serial_shops,
          nicolae_shop_hallway_plus, moated_statue, minivault_16,
          minmay_shoptagon
Vaults:1: special_room_vaults [special_room_orc], v_misc_22,
          vaults_mumra_minichess, ontoclasm_vaults_ligature,
          ontoclasm_vaults_chip, hangedman_vaults_locks, vaults_room_semicircle,
          vaults_standard_mumra_enter_the_diamond,
          nicolae_vaults_little_squares_2, v_misc_5, v_misc_30,
          vaults_room_pools, layout_vaults_omnicross, serial_shops,
          nicolae_shop_trees
Vaults:2: hangedman_vaults_unwind, nicolae_vaults_specimen_jars,
          v_alt_pattern_3, hangedman_vaults_nails, v_rooms_1,
          hangedman_vaults_restitches, grunt_vaults_hallway_short,
          vaults_dpeg_encased_lava, v_misc_13, vaults_dpeg_ring, v_misc_18,
          layout_vaults_maze_snakey, serial_shops, nicolae_square_shop,
          nicolae_shop_trees, uniq_zenata
Vaults:3: v_pattern_3, minmay_crypt_entry_simple_sparse,
          nicolae_vaults_angled_halls, ontoclasm_vaults_fault,
          ontoclasm_vaults_pinch, nicolae_vaults_network_quinsquares
          [nicolae_vaults_network_quincunx_subvault,
          nicolae_vaults_network_quincunx_subvault,
          nicolae_vaults_network_quincunx_subvault,
          nicolae_vaults_network_quincunx_subvault],
          nicolae_vaults_bisected_slash, v_misc_2, vaults_room_hallway,
          layout_vaults_quadrants
Vaults:4: ebering_ghost_reflecting_pool, nicolae_vaults_circle_grid_b,
          nicolae_vaults_network_periphery, nicolae_vaults_an_arrangement,
          hangedman_vaults_pinch, nicolae_vaults_theta, vaults_mumra_chevron,
          ontoclasm_vaults_ring_large, ontoclasm_vaults_ring_square,
          serial_ice_g, grunt_vaults_focal, vaults_dpeg_hooks, vaults_mumra_hex,
          hangedman_vaults_maws, nicolae_vaults_little_squares_3,
          nicolae_vaults_network_square, layout_vaults_ring, uniq_jory
Vaults:5: uniq_sojobo
Crypt:1:  layout_gridlike, nicolae_crypt_soggy_tomb, minivault_27
Crypt:2:  layout_misc_corridors
Crypt:3:  david_glass_crypt, layout_misc_corridors,
          nicolae_tomb_entry_grand_gallery, ebering_ghost_reflecting_pool
Depths:1: layout_basic, minmay_misc_feat_tiny, hangedman_coc_ice_floe,
          kb_rosetta
Depths:2: minmay_box_of_curves, layout_honeycomb, enter_ziggurat_a,
          rand_demon_pan_entry_7, hangedman_tar_grid_catacomb,
          hangedman_abyss_entry_splay
Depths:3: evilmike_marble_ring, layout_gridlike, pf_dread_powers_of_hell,
          hangedman_abyss_or_decor_jellyfish_corner, abyss_entry,
          minmay_staircase_bubble
Depths:4: grunt_zot_entry_bicorn, layout_cave_shapes,
          chequers_serial_rivers_room_b, hell_entry, grunt_pan_entry_sceptre,
          serial_shops, bzr_entry_lakeside, minmay_shop_grove, uniq_xtahua
Zot:1:    layout_gridlike, grunt_megastairs_3
Zot:2:    grunt_zot_stairs_mandelzot, layout_misc_corridors,
          gammafunk_ghost_split
Zot:3:    layout_basic, gammafunk_ghost_necromancy,
          hangedman_zot_diagonal_lockstep, st_large_dragon_hoard_2
Zot:4:    layout_misc_corridors
Zot:5:    layout_misc_corridors

Skill      XL: |  1  2  3  4  5  6  7  8  9 10 11 12 13 14 15 16 17 18 19 20 21 22 23 24 25 26 27 |
---------------+----------------------------------------------------------------------------------+-----
Spellcasting   | 5 6 7 8 9 10 11 12 13 14 15 16 17 19 20 21 22 23 | 23.3
Invocations    | 1 2 3 4 5 6 7 8 9 11 12 13 15 16 17 19 20 21 22 23 24 25 | 25.8
Short Blades   | 1 2 3 5 6 7 8 9 10 11 12 13 14 15 16 17 18 19 | 19.3
Long Blades    | 1 2 3 5 6 7 8 9 10 11 12 13 14 15 16 17 18 19 | 19.3
Axes           | 1 2 3 5 6 7 8 9 10 11 12 13 14 15 16 17 18 19 | 19.3
Maces & Flails | 1 2 3 5 6 7 8 9 10 11 12 13 14 15 16 17 18 19 | 19.3
Polearms       | 1 2 3 5 6 7 8 9 10 11 12 13 14 15 16 17 18 19 | 19.3
Staves         | 1 2 3 5 6 7 8 9 10 11 12 13 14 15 16 17 18 19 | 19.3
Ranged Weapons | 1 2 3 5 6 7 8 9 10 11 12 13 14 15 16 17 18 19 | 19.3
Throwing       | 1 2 3 5 6 7 8 9 10 11 12 13 14 15 16 17 18 19 | 19.3
Armour         | 1 2 3 5 6 7 8 9 10 11 12 13 14 15 16 17 18 19 | 19.3
Stealth        | 1 2 3 5 6 7 8 9 10 11 12 13 14 15 16 17 18 19 | 19.3
Shields        | 1 2 3 5 6 7 8 9 10 11 12 13 14 15 16 17 18 19 | 19.3
Evocations     | 1 2 3 5 6 7 8 9 10 11 12 13 14 15 16 17 18 19 | 19.3
Conjurations   | 1 2 3 4 5 6 7 8 9 10 11 12 13 14 15 16 | 16.5
Hexes          | 1 2 3 4 5 6 7 8 9 10 11 12 13 14 15 16 | 16.5
Summonings     | 1 2 3 4 5 6 7 8 9 10 11 12 13 14 15 16 | 16.5
Necromancy     | 1 2 3 4 5 6 7 8 9 10 11 12 13 14 15 16 | 16.5
Translocations | 1 2 3 4 5 6 7 8 9 10 11 12 13 14 15 16 | 16.5
Fire Magic     | 1 2 3 4 5 6 7 8 9 10 11 12 13 14 15 16 | 16.5
Ice Magic      | 1 2 3 4 5 6 7 8 9 10 11 12 13 14 15 16 | 16.5
Air Magic      | 1 2 3 4 5 6 7 8 9 10 11 12 13 14 15 16 | 16.5
Earth Magic    | 1 2 3 4 5 6 7 8 9 10 11 12 13 14 15 16 | 16.5
Poison Magic   | 1 2 3 4 5 6 7 8 9 10 11 12 13 14 15 16 | 16.5
Fighting       | 3 4 5 6 7 8 9 10 11 12 13 14 15 16 17 18 19 | 19.5
Transmutations | 4 5 6 7 8 9 10 11 12 13 14 15 16 | 16.9
Dodging        | 5 6 7 8 9 10 11 12 13 14 15 16 17 18 19 | 19.8
Unarmed Combat | 7 8 9 10 11 12 13 14 15 16 17 18 19 20 | 20.2

Action                   |  1- 3 |  4- 6 |  7- 9 | 10-12 | 13-15 | 16-18 | 19-21 | 22-24 | 25-27 || total
-------------------------+-------+-------+-------+-------+-------+-------+-------+-------+-------++-------
Melee: Unarmed           |    55 |    91 |   310 |   419 |   668 |   526 |   132 |       |       ||  2201
       Kick              |     5 |     1 |       |       |       |       |       |       |       ||     6
       Punch             |     1 |     1 |       |     1 |     2 |    47 |    27 |       |       ||    79
       Headbutt          |     6 |     2 |       |       |       |       |       |       |       ||     8
       Dagger            |       |       |       |       |    13 |    11 |   120 |    22 |       ||   166
       Bite              |       |       |       |       |     3 |    73 |    43 |    17 |   115 ||   251
       Demon blade       |       |       |       |       |       |       |       |    83 |   138 ||   221
       Broad axe         |       |       |       |       |       |       |       |       |   468 ||   468
Throw: Dart              |       |       |       |       |       |     1 |       |       |       ||     1
       Throwing net      |       |       |       |       |       |       |       |     2 |       ||     2
 Cast: Beastly Appendage |    17 |     6 |       |       |     1 |       |       |       |       ||    24
       Spider Form       |     2 |    23 |    41 |     3 |    13 |       |       |       |       ||    82
       Wereblood         |       |     1 |     5 |    12 |     5 |       |     1 |       |       ||    24
       Ice Form          |       |       |     9 |    47 |    69 |     7 |       |       |       ||   132
       Arcjolt           |       |       |       |     9 |    67 |    64 |    90 |    37 |    23 ||   290
       Fireball          |       |       |       |       |    29 |   178 |   106 |    56 |       ||   369
       Blade Hands       |       |       |       |       |       |    97 |    25 |       |       ||   122
       Irradiate         |       |       |       |       |       |    72 |   157 |   118 |    74 ||   421
       Iron Shot         |       |       |       |       |       |       |   129 |   170 |   134 ||   433
       Ozocubu's Refrige |       |       |       |       |       |       |    37 |   132 |    21 ||   190
       Dispel Undead     |       |       |       |       |       |       |     6 |       |    19 ||    25
       Sublimation of Bl |       |       |       |       |       |       |     8 |   102 |   105 ||   215
       Borgnjor's Vile C |       |       |       |       |       |       |       |   109 |   312 ||   421
       Spellforged Servi |       |       |       |       |       |       |       |    54 |    93 ||   147
       Blink             |       |       |       |       |       |       |       |       |     1 ||     1
       Malign Gateway    |       |       |       |       |       |       |       |       |    12 ||    12
       Apportation       |       |       |       |       |       |       |       |       |     2 ||     2
Invok: Draw Destruction  |       |       |     3 |    16 |    50 |    56 |    38 |    17 |     4 ||   184
       Draw Summoning    |       |       |     1 |     1 |    19 |    13 |    10 |     6 |       ||    50
       Triple Draw       |       |       |       |       |     7 |     4 |     3 |     2 |     2 ||    18
       Deal Four         |       |       |       |       |       |     1 |       |     7 |     1 ||     9
 Abil: End Transformatio |       |       |       |       |     1 |     1 |       |       |       ||     2
       Evoke Blink       |       |       |       |       |       |       |     1 |       |       ||     1
Evoke: Wand              |       |       |       |     1 |    21 |    51 |    18 |     2 |     9 ||   102
       Piece from Xom's  |       |       |       |       |     8 |     3 |       |       |       ||    11
       Tin of tremorston |       |       |       |       |       |     1 |       |     1 |       ||     2
       Phantom mirror    |       |       |       |       |       |       |     1 |     1 |       ||     2
       Condenser vane    |       |       |       |       |       |       |       |     2 |       ||     2
       Phial of floods   |       |       |       |       |       |       |       |     2 |       ||     2
  Use: Scroll            |       |       |     7 |    10 |    13 |    14 |     8 |    22 |     6 ||    80
       Potion            |       |       |     1 |       |     5 |     3 |     2 |     8 |    19 ||    38
 Stab: Sleeping          |     1 |       |     7 |     5 |     5 |     7 |    10 |    13 |     6 ||    54
       Distracted        |       |       |     1 |     1 |     3 |       |     6 |     3 |     5 ||    19
       Paralysed         |       |       |       |       |     4 |       |       |       |       ||     4
       Petrifying        |       |       |       |       |     1 |       |       |       |       ||     1
       Petrified         |       |       |       |       |       |     2 |       |       |       ||     2
       Invisible         |       |       |       |       |       |       |     1 |       |       ||     1
Armor: Robe              |     5 |     1 |       |     1 |    17 |   178 |    55 |       |       ||   257
       Skin              |     5 |     8 |    35 |   101 |   231 |    27 |       |       |       ||   407
       Troll leather arm |       |       |       |       |       |       |    82 |   110 |   156 ||   348
Dodge: Dodged            |    22 |    90 |   214 |   214 |   608 |   493 |   355 |   261 |   421 ||  2678
Block: Kite shield       |       |       |       |       |       |    15 |   314 |   252 |   545 ||  1126

Table legend: (Time is in decaauts)
 A = Elapsed time spent in this place.
 B = Non-inter-level travel time spent in this place.
 C = Inter-level travel time spent in this place.
 D = Time resting spent in this place.
 E = Time spent auto-exploring this place.
 F = Levels seen in this place.
 G = Mean time per level.
                   A        B        C        D        E       F      G
               +--------+--------+--------+--------+--------+-----+--------+
         Total | 105063 |  96284 |   8779 |  34725 |  37835 |  56 | 1876.1 |
       Dungeon |  21541 |  18678 |   2863 |   1347 |  14261 |  15 | 1436.1 |
          Lair |  10796 |   9169 |   1627 |   1300 |   6447 |   5 | 2159.2 |
         Swamp |   6931 |   6483 |    448 |   3345 |   1466 |   4 | 1732.8 |
     Snake Pit |   7732 |   6821 |    911 |   1521 |   3645 |   4 | 1933.0 |
    Slime Pits |   5417 |   5260 |    157 |   2641 |   1440 |   5 | 1083.4 |
  Orcish Mines |   2843 |   2506 |    337 |    654 |   1244 |   2 | 1421.5 |
   Elven Halls |   7030 |   6691 |    339 |   2952 |   1771 |   3 | 2343.3 |
        Vaults |  15403 |  14452 |    951 |   6483 |   3759 |   5 | 3080.6 |
         Crypt |   5014 |   4744 |    270 |   1555 |   1116 |   3 | 1671.3 |
        Depths |  12382 |  11790 |    592 |   7437 |   2063 |   4 | 3095.5 |
           Zot |   9785 |   9503 |    282 |   5488 |    536 |   5 | 1957.0 |
        Bazaar |    183 |    183 |      0 |      0 |     87 |   1 |  183.0 |
               +--------+--------+--------+--------+--------+-----+--------+

Top non-repeatable levels by time:
Depths:2: 3796 daAuts
Vaults:5: 3732 daAuts
  Lair:5: 3395 daAuts
Vaults:1: 3392 daAuts
   Zot:1: 3321 daAuts
   Elf:3: 3301 daAuts
Depths:1: 3228 daAuts
Depths:3: 3217 daAuts
Vaults:4: 3011 daAuts
 Swamp:4: 2857 daAuts
Vaults:2: 2761 daAuts
 Snake:4: 2753 daAuts
   Zot:5: 2566 daAuts
Vaults:3: 2505 daAuts
   Elf:1: 2399 daAuts
